[Event "Late-Titled-Tuesday-Blitz-February-13-2024"]
[Site "Chess.com"]
[Date "2024.02.13"]
[Round "8"]
[White "zverr1"]
[Black "elchacal664"]
[Result "0-1"]
[WhiteElo "2535"]
[BlackElo "2415"]
[TimeControl "180+1"]
[EndTime "15:28:02 PST"]
[Termination "elchacal664 won on time"]

1. e4 d5 2. exd5 Qxd5 3. Nc3 Qd6 4. d4 a6 5. Nf3 Nf6 6. g3 b5 7. Bf4 Qb6 8. Bg2 e6 9. O-O Bd6 10. Be5 Bb7 11. Re1 Nbd7 12. Qe2 O-O 13. Rad1 Rfe8 14.
h4 Rad8 15. Ng5 Bxg2 16. Kxg2 h6 17. Bxd6 cxd6 18. Nge4 d5 19. Ng5 Nf8 20. Nf3 Rc8 21. Nb1 b4 22. c3 a5 23. cxb4 axb4 24. a3 bxa3 25. Nxa3 Rb8 26. Rd2 Ne4 27. Rc2 Nd7 28. Ne5 Ndf6 29. Rd1 Nd6 30. f3 Nf5 31. Kh3 Nxd4 32.
Qf2 Nxc2 33. Qxc2 Qxb2 34. Qc7 Qb7 35. Qc5 Rec8 36. Qd4 Qb4 37. Qxb4 Rxb4 38. Rd3 Rc1 39. g4 Ne8 40. Kg3 Nd6 41. Nd7 Nc4 42. Nxc4 Rbxc4 43. Ne5 R1c3 44. Rd2 Rc7 45. Ra2 f6 46. Ra8+ Kh7 0-1

[Event "Late-Titled-Tuesday-Blitz-February-13-2024"]
[Site "Chess.com"]
[Date "2024.02.13"]
[Round "8"]
[White "AsaHoffmann"]
[Black "Dinamo3"]
[Result "0-1"]
[WhiteElo "2425"]
[BlackElo "2526"]
[TimeControl "180+1"]
[EndTime "15:28:03 PST"]
[Termination "Dinamo3 won by resignation"]

1. d4 Nf6 2. Bg5 d5 3. Nd2 c5 4. e3 Qb6 5. Ngf3 Nc6 6. c3 Qxb2 7. dxc5 e5 8. Rb1 Qxc3 9. Bb5 e4 10. Bxf6 Qxf6 11. Nd4 Bxc5 12. Qa4 Bxd4 13. Bxc6+ bxc6 14. exd4 O-O 15. O-O Qg5 16. f4 Qf6 17. Rbc1 Bd7 18. Nb3 e3 19. Rce1 Rfe8 20. Nc5 Bf5 21. h3 h5 22. Rf3 e2 23. Rf2 Qd6 24. Qa3 Re7 25. Qg3 Rae8 26. Qf3 h4 27. Rfxe2 Rxe2 28. Rxe2 Rxe2 29.
Qxe2 Qxf4 30. Qf2 Qc1+ 31. Kh2 Qg5 32. Qf3 g6 33. a4 Qd2 34. Nb3 Qc2 35. a5 Be4 36.
Qf1 Qxb3 37. Qf2 Qg3+ 38. Qxg3 hxg3+ 39. Kxg3 Kg7 40. Kf4 f6 41. g4 g5+ 42. Ke3 Kg6 43. Kf2 f5 44. Kg3 f4+ 45. Kf2 Kf6 0-1

[Event "Late-Titled-Tuesday-Blitz-February-13-2024"]
[Site "Chess.com"]
[Date "2024.02.13"]
[Round "8"]
[White "HansOnTwitch"]
[Black "GMBenjaminBok"]
[Result "1/2-1/2"]
[WhiteElo "3152"]
[BlackElo "2994"]
[TimeControl "180+1"]
[EndTime "15:28:04 PST"]
[Termination "Game drawn by repetition"]

1. e4 e5 2. Nf3 Nc6 3. Bc4 Bc5 4. d3 Nf6 5. O-O d6 6. c3 a5 7.
Re1 O-O 8. h3 Be6 9. Bb5 Ba7 10.
a4 Ne7 11. d4 Ng6 12. Nbd2 c6 13. Bd3 Nh5 14. Nf1 Nhf4 15. Bc2 exd4 16. cxd4 d5 17. e5 f6 18. Bxf4 Nxf4 19. Ng3 fxe5 20. Rxe5 Qf6 21. Ng5 g6 22. Ra3 Bd7 23. Rf3 Rae8 24. Nxh7 Kxh7 25. Nh5 Qh4 26. Nxf4 Rxf4 27. Rxf4 Qxf4 28. Qh5+ Kg7 29.
Qxg6+ Kf8 30. Bf5 Qc1+ 31. Kh2 Qf4+ 32. Kg1 Qc1+ 33. Kh2 Qf4+ 34. Kg1 1/2-1/2

[Event "Late-Titled-Tuesday-Blitz-February-13-2024"]
[Site "Chess.com"]
[Date "2024.02.13"]
[Round "8"]
[White "krzyzan94"]
[Black "Hilary46"]
[Result "1-0"]
[WhiteElo "2785"]
[BlackElo "2619"]
[TimeControl "180+1"]
[EndTime "15:28:08 PST"]
[Termination "krzyzan94 won on time"]

1. Nf3 d5 2. g3 Nf6 3. Bg2 c5 4.
c4 d4 5. e3 Nc6 6. exd4 cxd4 7. O-O e5 8. d3 Bd6 9. b3 O-O 10. Ba3 Re8 11. Re1 h6 12. Bxd6 Qxd6 13. a3 a5 14. Nbd2 Bf5 15. Qc2 Nd7 16. Nh4 Bh7 17. Ne4 Qc7 18. c5 Re6 19. Qc4 Rf8 20. b4 Kh8 21. Nd6 axb4 22. axb4 Rxd6 23. cxd6 Qxd6 24. Bxc6 bxc6 25. Ra6 Nb8 26. Ra7 f6 27. Rc1 g5 28.
Nf3 Bg8 29. Qc5 Qxc5 30. Rxc5 Bd5 31. Nd2 Rd8 32. Ra8 Kg7 33. Nc4 Kf7 34. Nb6 Ke7 35.
Ra7+ Nd7 36. Nxd5+ cxd5 37. Rxd5 Ke6 38. Rda5 Rc8 39.
R5a6+ Ke7 40. b5 Rc1+ 41. Kg2 Rb1 42. Rb6 Kd8 43. Rd6 Kc8 44. Rdxd7 Rxb5 45. Rh7 Kb8 46. Raf7 Rb7 47. Rxb7+ 1-0

[Event "Late-Titled-Tuesday-Blitz-February-13-2024"]
[Site "Chess.com"]
[Date "2024.02.13"]
[Round "8"]
[White "Abduzhaparov"]
[Black "Alexei_Gubajdullin"]
[Result "0-1"]
[WhiteElo "2437"]
[BlackElo "2645"]
[TimeControl "180+1"]
[EndTime "15:28:08 PST"]
[Termination "Alexei_Gubajdullin won by resignation"]

1. Nf3 Nf6 2. c4 g6 3. Nc3 Bg7 4. e4 O-O 5. d4 d6 6. Be3 Na6 7. Be2 e5 8. d5 Nc5 9. Nd2 a5 10. g4 Qd7 11. Rg1 Ne8 12. h4 c6 13. h5 Nc7 14. g5 cxd5 15. cxd5 b5 16. h6 Bh8 17.
Bxc5 dxc5 18. d6 b4 19. dxc7 bxc3 20. bxc3 Qxc7 21. Nc4 Be6 22. Qd6 Qa7 23. Qb6 Qe7 24. Qd6 Qb7 25. Qxc5 Qxe4 26. Nb6 Rad8 27. Qe3 Qc2 28.
Qc1 Qe4 29. Qe3 Qc6 30. c4 e4 31. Rd1 Rxd1+ 32. Bxd1 Rd8 33. Ba4 Qc7 34. Nd5 Bxd5 35. cxd5 Bc3+ 36. Kf1 Rxd5 37. Bb3 Re5 38. Kg2 Qc5 39. Qf4 Rxg5+ 40. Kh2 Be5 41. Bxf7+ Kf8 42. Rxg5 Bxf4+ 0-1

[Event "Late-Titled-Tuesday-Blitz-February-13-2024"]
[Site "Chess.com"]
[Date "2024.02.13"]
[Round "8"]
[White "OK97"]
[Black "Bilan_Danila"]
[Result "1-0"]
[WhiteElo "2834"]
[BlackElo "2535"]
[TimeControl "180+1"]
[EndTime "15:28:11 PST"]
[Termination "OK97 won on time"]

1. d4 d5 2. Nf3 Nf6 3. e3 c5 4. Bb5+ Bd7 5. Be2 Nc6 6. O-O Bf5 7. dxc5 e5 8. Bb5 Qc7 9. b4 Bg4 10. h3 Bh5 11. g4 Bg6 12. Bb2 e4 13. Ne5 Be7 14. g5 Nd7 15. Qxd5 Ndxe5 16. Qxe5 Qd7 17. Qg3 O-O 18. Nc3 Qe6 19. Bxc6 bxc6 20. Rad1 Rad8 21.
a3 Bh5 22. Rd4 Bf3 23. Kh2 Rxd4 24. exd4 Qf5 25. Bc1 Rd8 26. Be3 Kf8 27. Qf4 Qe6 28. Rg1 g6 29. Rg3 Qc4 30. Nxe4 1-0

[Event "Late-Titled-Tuesday-Blitz-February-13-2024"]
[Site "Chess.com"]
[Date "2024.02.13"]
[Round "8"]
[White "GMRAVEN_ON_YOUTUBE"]
[Black "xakevicius91"]
[Result "1-0"]
[WhiteElo "2772"]
[BlackElo "2529"]
[TimeControl "180+1"]
[EndTime "15:28:11 PST"]
[Termination "GMRAVEN_ON_YOUTUBE won by resignation"]

1. f4 d5 2. Nf3 Bg4 3. e3 Nf6 4. h3 Bxf3 5. Qxf3 Nbd7 6. c4 c6 7. Nc3 e6 8. d4 Bb4 9. Bd3 c5 10. a3 Ba5 11. cxd5 exd5 12. O-O cxd4 13. exd4 Bxc3 14. bxc3 O-O 15. Rb1 Nb6 16. f5 h6 17.
Bf4 Rc8 18. Rb3 Re8 19. Be5 Nfd7 20. Bf4 Nf6 21. Be5 Nfd7 22. Qg3 f6 23. Bf4 Kh8 24. Rf3 Nf8 25. Qh4 Qe7 26. Rg3 Qf7 27. Kh2 Re7 28. Bb5 Re4 29. Bd3 Re7 30. Bd6 Rd7 31. Bb4 Nc4 32.
Rg6 Re8 33. Bxf8 Qxf8 34. Bxc4 dxc4 35. Rb4 Qf7 36. Qf4 b6 37. Rb2 Rde7 38. Rf2 Qd5 39. Rf3 Re4 40. Rxh6+ gxh6 41. Qxh6+ Kg8 42. Rg3+ 1-0

[Event "Late-Titled-Tuesday-Blitz-February-13-2024"]
[Site "Chess.com"]
[Date "2024.02.13"]
[Round "8"]
[White "DanylaBagrov"]
[Black "Bugcrusher"]
[Result "1-0"]
[WhiteElo "2563"]
[BlackElo "2466"]
[TimeControl "180+1"]
[EndTime "15:28:11 PST"]
[Termination "DanylaBagrov won by resignation"]

1. f4 f5 2. Nf3 Nf6 3. d3 g6 4. g3 Bg7 5. Bg2 O-O 6. O-O d6 7. Nc3 Nc6 8. e4 e5 9. fxe5 dxe5 10.
exf5 gxf5 11. Qe2 e4 12. dxe4 fxe4 13. Nxe4 Bf5 14. Qc4+ Kh8 15. Neg5 Qd7 16. Bf4 Rad8 17. h3 h6 18. g4 hxg5 19. Nxg5 Bg6 20. Ne6 Rde8 21.
Nxf8 Rxf8 22. Rad1 Qe7 23. Bxc6 bxc6 24. Rfe1 Ne4 25.
Bh2 Qh4 26. Rf1 Rf2 27. Qb3 Rxf1+ 28. Rxf1 Bd4+ 29. Kg2 Nc5 30. Rf8+ Kg7 31. Qg8+ Kh6 32. Bf4+ 1-0

[Event "Late-Titled-Tuesday-Blitz-February-13-2024"]
[Site "Chess.com"]
[Date "2024.02.13"]
[Round "8"]
[White "GoValya"]
[Black "Chempiblinka"]
[Result "1-0"]
[WhiteElo "2251"]
[BlackElo "2337"]
[TimeControl "180+1"]
[EndTime "15:28:12 PST"]
[Termination "GoValya won by resignation"]

1. d4 Nf6 2. Nf3 g6 3. g3 Bg7 4.
Bg2 d6 5. O-O O-O 6. d5 c6 7. c4 e6 8. dxc6 bxc6 9. Nc3 d5 10. cxd5 cxd5 11. Bf4 Nc6 12. Rc1 Bd7 13. a3 Na5 14. Ne5 Rc8 15. e4 dxe4 16. Nxe4 Rxc1 17.
Qxc1 Bb5 18. Rd1 Qb6 19. Rd6 Qb8 20. Qd1 Nxe4 21. Bxe4 Qc8 22. b4 Nc4 23. Nxc4 Qxc4 24. Bd3 Ba4 25. Bxc4 Bxd1 26. Rxd1 Rc8 27. Ba6 Re8 28.
Bc7 Bb2 29. a4 Ba3 30. Ba5 e5 31. Kg2 e4 32. Bb5 f5 33. Bxe8 1-0

[Event "Late-Titled-Tuesday-Blitz-February-13-2024"]
[Site "Chess.com"]
[Date "2024.02.13"]
[Round "8"]
[White "Hirna2005"]
[Black "JaackCamel"]
[Result "1-0"]
[WhiteElo "2304"]
[BlackElo "2202"]
[TimeControl "180+1"]
[EndTime "15:28:12 PST"]
[Termination "Hirna2005 won by resignation"]

1. e4 e6 2. d4 d5 3. e5 c5 4. c3 Nc6 5. Be3 b6 6. Nf3 Be7 7. Bd3 a5 8. O-O Ba6 9. Bxa6 Rxa6 10. Qa4 Qd7 11. Qc2 Ra8 12. a4 h5 13. Na3 Nh6 14. Nb5 Nf5 15. h3 O-O 16. g4 Nh4 17. Nxh4 Bxh4 18. f4 cxd4 19. cxd4 Nb4 20. Qe2 Be7 21. gxh5 Rac8 22. Rac1 Rc4 23. Rxc4 dxc4 24. Rc1 Nd5 25. Rxc4 Bb4 26. Bf2 Nxf4 27. Qf3 Qd5 28. Qxd5 Nxd5 29. Kg2 Be1 30. Nd6 Bxf2 31. Kxf2 Rb8 32. Kf3 Nb4 33.
Rc7 Rf8 34. Ke4 Nd5 35. Rb7 Nb4 36. Rxb6 Nd5 37. Rb7 f6 38. Ra7 f5+ 39. Kf3 Rb8 40. Rb7 Rxb7 41. Nxb7 Kh7 42. Nxa5 Kh6 43. Nc6 Kxh5 44.
a5 Nb4 45. Nxb4 1-0

[Event "Late-Titled-Tuesday-Blitz-February-13-2024"]
[Site "Chess.com"]
[Date "2024.02.13"]
[Round "8"]
[White "Baronessa08"]
[Black "LiamPutnam2008"]
[Result "0-1"]
[WhiteElo "2542"]
[BlackElo "2840"]
[TimeControl "180+1"]
[EndTime "15:28:13 PST"]
[Termination "LiamPutnam2008 won on time"]

1. Nf3 d5 2. d4 Nf6 3. c4 dxc4 4. e3 e6 5. Nc3 a6 6. Bxc4 b5 7. Be2 Bb7 8. O-O Nbd7 9. Bd2 c5 10. Rc1 Be7 11.
dxc5 Nxc5 12. Nb1 O-O 13. Bc3 Qb6 14. Bd4 b4 15. Ne5 Rfd8 16. Bf3 Rac8 17. Bxb7 Qxb7 18. Qf3 Qb5 19. b3 h6 20. Rc4 Nce4 21. Rfc1 Rxc4 22. Nxc4 Rc8 23. Rd1 Ng5 24. Qe2 Nd5 25. h3 Ne4 26.
Qd3 Nc5 27. Bxc5 Qxc5 28. e4 Nf4 29. Qf3 Ng6 30. Nbd2 Rd8 31. Nf1 Rd4 32. Rxd4 Qxd4 33. Qe3 Qa1 34. Qd2 Kh7 35. g3 Bc5 36. Kg2 Ne5 37.
Nxe5 Qxe5 38. Qe2 a5 39. h4 f5 40. Kf3 Qc3+ 41. Kg2 Qe5 42. Kf3 g5 43. hxg5 hxg5 44.
exf5 g4+ 0-1

[Event "Late-Titled-Tuesday-Blitz-February-13-2024"]
[Site "Chess.com"]
[Date "2024.02.13"]
[Round "8"]
[White "ChessQueen"]
[Black "Zq1"]
[Result "1-0"]
[WhiteElo "2705"]
[BlackElo "2508"]
[TimeControl "180+1"]
[EndTime "15:28:13 PST"]
[Termination "ChessQueen won on time"]

1. e4 c5 2. d4 cxd4 3. Qxd4 Nc6 4. Qd3 g6 5. Nc3 Bg7 6. Nf3 d6 7. Be2 Bg4 8. O-O Nf6 9. Nd5 Bxf3 10. Bxf3 O-O 11. Be2 Rc8 12. c3 e6 13. Nxf6+ Bxf6 14. Bh6 Re8 15. Rad1 d5 16. exd5 exd5 17. Be3 d4 18. cxd4 Nb4 19. Qb3 Nd5 20. Bc4 Nxe3 21. Bxf7+ Kh8 22. fxe3 Rf8 23. Be6 Rc6 24. Bg4 Rb6 25. Qc2 Bg5 26. Qe2 Rbf6 27. Bf3 Rd6 28. Qf2 Qb6 29. Rd3 Rfd8 30. Rfd1 a5 31. b3 a4 32. h4 Bf6 33. g3 axb3 34. axb3 Qb4 35. Kg2 Kg7 36. Rc1 h6 37. Be4 R8d7 38. Qf3 Re7 39. Qg4 Qa3 40. Qxg6+ 1-0

[Event "Late-Titled-Tuesday-Blitz-February-13-2024"]
[Site "Chess.com"]
[Date "2024.02.13"]
[Round "8"]
[White "noblerone"]
[Black "djano"]
[Result "0-1"]
[WhiteElo "2469"]
[BlackElo "2668"]
[TimeControl "180+1"]
[EndTime "15:28:17 PST"]
[Termination "djano won on time"]

1. d4 Nf6 2. Nf3 g6 3. c4 Bg7 4. Nc3 d6 5. Bg5 h6 6. Bh4 O-O 7. e3 c5 8. Be2 Nc6 9. O-O Bf5 10. Rc1 Qa5 11. a3 Rac8 12. Qb3 b6 13. Qb5 a6 14. Qxa5 Nxa5 15. Bxf6 Bxf6 16. Nd5 Rb8 17. b4 Nc6 18. Nxf6+ exf6 19. d5 Ne7 20. Nd2 Rfc8 21. e4 Bd7 22. f4 Kg7 23. Kf2 Rc7 24. Rb1 b5 25. bxc5 Rxc5 26.
Nb3 Rcc8 27. cxb5 axb5 28. Nd4 Rc3 29. Rb3 Rxb3 30. Nxb3 f5 31. Bf3 fxe4 32. Bxe4 Ra8 33. Ra1 Ra4 34. Bc2 Rxf4+ 35. Ke3 Rh4 36. h3 Nxd5+ 37. Kf2 Rc4 38. Bd1 Nc3 39. Nd2 Rd4 40.
Ke3 Rd5 0-1

[Event "Late-Titled-Tuesday-Blitz-February-13-2024"]
[Site "Chess.com"]
[Date "2024.02.13"]
[Round "8"]
[White "AndresDelgado77"]
[Black "andrzej"]
[Result "0-1"]
[WhiteElo "2338"]
[BlackElo "2516"]
[TimeControl "180+1"]
[EndTime "15:28:18 PST"]
[Termination "andrzej won on time"]

1. e4 e5 2. Nc3 Nf6 3. d4 exd4 4. Qxd4 Nc6 5. Qc4 Bb4 6. Bd2 O-O 7. O-O-O Re8 8. f3 a5 9. Nge2 Ne5 10. Qd4 c6 11. Qf2 a4 12. a3 Bf8 13. Bg5 h6 14. Bh4 Ng6 15. Bg3 b5 16. Na2 d6 17.
Nd4 Qb6 18. h4 Ne5 19. h5 Rb8 20. Nf5 Bxf5 21. exf5 c5 22. Bf4 Nc4 23. Kb1 Rb7 24. Bxc4 bxc4 25. Bc1 d5 26. g4 d4 27. Qd2 Nd5 28.
c3 Qb3 29. Rhe1 Rxe1 30. Rxe1 dxc3 31. Qxd5 cxb2 32. Bd2 Qxa3 33. Bc3 Qb3 34. Re8 Qd1+ 0-1

[Event "Late-Titled-Tuesday-Blitz-February-13-2024"]
[Site "Chess.com"]
[Date "2024.02.13"]
[Round "8"]
[White "A-Fier"]
[Black "Njal28"]
[Result "1-0"]
[WhiteElo "2788"]
[BlackElo "2975"]
[TimeControl "180+1"]
[EndTime "15:28:19 PST"]
[Termination "A-Fier won by checkmate"]

1. e4 e5 2. f4 d5 3. exd5 exf4 4. Nf3 Nf6 5. Be2 Nxd5 6. c4 Ne7 7. d4 Ng6 8. O-O Be7 9. Nc3 O-O 10. Nd5 Bd6 11. c5 c6 12. Nc3 Bc7 13. Bc4 Nd7 14. b4 b5 15. Bb3 a5 16. bxa5 Nf6 17. d5 Bxa5 18.
Bb2 b4 19. Ne2 cxd5 20. Nfd4 Ba6 21. Nc6 Qe8 22. Ned4 Bxf1 23. Qxf1 Ng4 24. Re1 Ne3 25. Qf3 Qe4 26. Qh3 Bc7 27. Bc2 Qxg2+ 28. Qxg2 Nxg2 29. Kxg2 Rxa2 30. Rb1 Ne5 31. Bb3 Raa8 32. Bxd5 Nd3 33.
Ne7+ Kh8 34. Bxa8 Nxb2 35. Rxb2 Rxa8 36. Rxb4 g5 37. Kf3 h5 38. Rb7 Ra3+ 39. Kf2 Be5 40. Ndf5 g4 41. Rd7 Ra2+ 42. Ke1 f3 43. Rd8+ Kh7 44. Rf8 Bc3+ 45. Kd1 Rd2+ 46. Kc1 f2 47. Rxf7+ Kh8 48. Ng6+ Kg8 49. Nh6# 1-0

[Event "Late-Titled-Tuesday-Blitz-February-13-2024"]
[Site "Chess.com"]
[Date "2024.02.13"]
[Round "8"]
[White "Doublekk14"]
[Black "Felix-Rose"]
[Result "0-1"]
[WhiteElo "2311"]
[BlackElo "2244"]
[TimeControl "180+1"]
[EndTime "15:28:19 PST"]
[Termination "Felix-Rose won on time"]

1. c4 e6 2. e4 d5 3. exd5 exd5 4. d4 Nf6 5. Nf3 Bb4+ 6. Nc3 O-O 7. Be2 dxc4 8. O-O Be6 9. Ng5 Bd5 10. Nxd5 Qxd5 11. Bf3 Qb5 12. a4 Qa6 13. Bf4 Bd6 14. Be3 Nbd7 15. Qc2 c5 16. Rac1 cxd4 17. Bxd4 Rac8 18.
Rfd1 Be5 19. Qf5 Bxd4 20. Rxd4 Rc5 21. Qf4 Qxa4 22. Bxb7 Qb5 23. Bf3 Rxg5 24. Bc6 Qe5 25. Qd2 Nb6 26. f4 Qc5 27. fxg5 Ng4 28. Bf3 Ne5 29. Qf2 Nxf3+ 30. gxf3 Qxg5+ 31. Qg3 Qxc1+ 32. Kg2 Qxb2+ 0-1

[Event "Late-Titled-Tuesday-Blitz-February-13-2024"]
[Site "Chess.com"]
[Date "2024.02.13"]
[Round "8"]
[White "expii"]
[Black "Canal_Showdrez"]
[Result "0-1"]
[WhiteElo "2158"]
[BlackElo "2071"]
[TimeControl "180+1"]
[EndTime "15:28:20 PST"]
[Termination "Canal_Showdrez won on time"]

1. e4 c5 2. Nf3 Nc6 3. d4 cxd4 4. Nxd4 Nf6 5. Nc3 e5 6. Nde2 Bc5 7. Ng3 d6 8. Bb5 Ng4 9. O-O h5 10. h3 h4 11. Nf5 Bxf5 12. exf5 Nf6 13. Be3 Bb6 14. Bxb6 axb6 15. a4 O-O 16. Qd2 Nd4 17. Bd3 d5 18. Ne2 Nc6 19. c3 e4 20. Bc2 Ne5 21. Bb3 Qd7 22.
Nd4 Rad8 23. Rad1 Nd3 24. Ba2 Qxa4 25. Bb1 Nc5 26. Bc2 Qd7 27. Ra1 Rfe8 28. Nb3 Qxf5 29. Qe3 Nfd7 30. Rfd1 Re5 31. Nd4 Qh5 32. b4 Ne6 33.
Nxe6 fxe6 34. Ba4 Nf6 35. Qxb6 Rf8 36. Rf1 Qg6 37. Qxb7 Rg5 38. g3 hxg3 0-1

[Event "Late-Titled-Tuesday-Blitz-February-13-2024"]
[Site "Chess.com"]
[Date "2024.02.13"]
[Round "8"]
[White "subham777"]
[Black "GMKrikor"]
[Result "0-1"]
[WhiteElo "2532"]
[BlackElo "2830"]
[TimeControl "180+1"]
[EndTime "15:28:21 PST"]
[Termination "GMKrikor won by resignation"]

1. e4 c5 2. Nf3 Nc6 3. Bb5 Nf6 4. d3 d6 5. c3 e5 6. O-O Be7 7. Re1 O-O 8. Nbd2 h6 9. Nf1 Re8 10. Ng3 Bf8 11. d4 exd4 12. cxd4 Bg4 13. d5 a6 14. Bxc6 bxc6 15. dxc6 Qc7 16. h3 Be6 17. e5 dxe5 18.
Nxe5 Bd6 19. f4 Rad8 20. Qf3 Bd5 21. Qf2 Bxc6 22. Nxc6 Rxe1+ 23. Qxe1 Qxc6 24. Be3 Re8 25. Qf2 Nd5 26. Re1 Nxf4 27. Bxf4 Rxe1+ 28. Qxe1 Bxf4 29. Nf5 Qe6 30. Qb1 g6 31. g3 Bg5 32. h4 Qxf5 33. Qxf5 gxf5 34. hxg5 hxg5 35. Kf2 Kg7 36. Ke2 Kf6 37.
Kd3 Ke5 38. Kc4 f4 39. gxf4+ Kxf4 40. a3 g4 0-1

[Event "Late-Titled-Tuesday-Blitz-February-13-2024"]
[Site "Chess.com"]
[Date "2024.02.13"]
[Round "8"]
[White "Bryanl106"]
[Black "NikolaGry"]
[Result "1/2-1/2"]
[WhiteElo "2530"]
[BlackElo "2718"]
[TimeControl "180+1"]
[EndTime "15:28:21 PST"]
[Termination "Game drawn by agreement"]

1. e4 d5 2. exd5 Nf6 3. d4 Bg4 4. f3 Bf5 5. c4 e6 6. g4 Bxb1 7. Rxb1 exd5 8. g5 Nfd7 9. c5 Be7 10. h4 O-O 11. Bd3 Re8 12. Ne2 b6 13. Qc2 Nf8 14. b4 a5 15. a3 axb4 16. axb4 Kh8 17. Kf2 c6 18. Be3 Nbd7 19. Nf4 bxc5 20. bxc5 Qc7 21. Rb2 Bxc5 22. dxc5 Rxe3 23. Kxe3 Qe5+ 24. Be4 d4+ 25. Kf2 Qxf4 26. Bxc6 Ra3 27. Qe4 Qe3+ 28. Qxe3 dxe3+ 29. Ke2 Nxc5 30. Rd1 Nce6 31. Be4 Nf4+ 32.
Ke1 Kg8 33. Rc1 g6 34. Rd1 Kg7 35. Bc6 N8e6 36. Bd5 Nd4 37. Rxd4 Ra1+ 38. Rd1 Nd3+ 39. Ke2 Rxd1 40. Kxd1 Nxb2+ 41. Ke2 Na4 42. Kxe3 Nb6 43. Be4 1/2-1/2

[Event "Late-Titled-Tuesday-Blitz-February-13-2024"]
[Site "Chess.com"]
[Date "2024.02.13"]
[Round "8"]
[White "Attacker_2006"]
[Black "tarno17"]
[Result "1-0"]
[WhiteElo "2443"]
[BlackElo "2114"]
[TimeControl "180+1"]
[EndTime "15:28:21 PST"]
[Termination "Attacker_2006 won on time"]

1. e4 c5 2. Nf3 e6 3. d4 cxd4 4. Nxd4 a6 5. Nc3 Qc7 6. Be2 Nc6 7. Be3 Nf6 8. f3 Bb4 9. Qd2 O-O 10. a3 Be7 11. O-O b5 12. Rad1 Bb7 13. Nb3 Rfd8 14. Qe1 b4 15. Na4 Qe5 16. Nb6 Rab8 17. Nc4 Qh5 18.
f4 Ng4 19. Bxg4 Qxg4 20. h3 Qh4 21. Qxh4 Bxh4 22. Bb6 Rf8 23. Rxd7 bxa3 24. bxa3 a5 25. Nc5 Ba8 26. Bc7 Rbc8 27. Bd6 Rfd8 28. Nb6 Rxd7 29. Ncxd7 Nd4 30. Nxc8 Nxc2 31. Rc1 Bxe4 32. Nc5 Bg6 33. Ne7+ Kh8 34. Nxg6+ 1-0

[Event "Late-Titled-Tuesday-Blitz-February-13-2024"]
[Site "Chess.com"]
[Date "2024.02.13"]
[Round "8"]
[White "VladimirBugayev"]
[Black "FM_Kappeler"]
[Result "1-0"]
[WhiteElo "2402"]
[BlackElo "2255"]
[TimeControl "180+1"]
[EndTime "15:28:24 PST"]
[Termination "VladimirBugayev won on time"]

1. e4 c5 2. Nc3 Nc6 3. Bb5 Nd4 4. Nf3 e6 5. O-O a6 6. Be2 Ne7 7. Nxd4 cxd4 8. Nb1 d5 9. f3 Nc6 10. d3 Be7 11.
Nd2 O-O 12. f4 b5 13. a4 Bb7 14. e5 bxa4 15. Rxa4 Qd7 16. b3 Rfc8 17. Nf3 Nb4 18.
Nxd4 Bc5 19. Be3 Bxd4 20. Bxd4 Nxc2 21. Bf2 d4 22. Bf3 Ne3 23. Bxe3 dxe3 24. Qe2 Bxf3 25. gxf3 Rc3 26. Qxe3 Rxd3 27. Qb6 g6 28. Rxa6 Rxa6 29.
Qxa6 Qd4+ 30. Kh1 Rxb3 31. Qa8+ Kg7 32. Qe4 Qd2 33. Qe1 Qxf4 34. Qg3 Qd2 35. Rf2 Rb1+ 36. Kg2 Qd1 37. Qh4 Qg1+ 38. Kh3 1-0

[Event "Late-Titled-Tuesday-Blitz-February-13-2024"]
[Site "Chess.com"]
[Date "2024.02.13"]
[Round "8"]
[White "ImportedItalianMaple"]
[Black "zano2023"]
[Result "1-0"]
[WhiteElo "2504"]
[BlackElo "2158"]
[TimeControl "180+1"]
[EndTime "15:28:24 PST"]
[Termination "ImportedItalianMaple won by resignation"]

1. Nf3 d6 2. d4 e5 3. dxe5 Bg4 4. Bg5 Qd7 5. exd6 Bxd6 6. Nc3 Nc6 7. e3 f6 8. Bh4 O-O-O 9. Bg3 Qe6 10. Qe2 Bb4 11. Qc4 Qxc4 12. Bxc4 Bxc3+ 13. bxc3 Nge7 14. Rd1 Nf5 15. Ke2 Nxg3+ 16. hxg3 h6 17. Rh4 Bf5 18.
Bb3 g5 19. Ra4 Rxd1 20. Kxd1 Rd8+ 21. Ke2 a6 22. Nd4 Bd7 23. Nxc6 Bxc6 24. Rd4 Rxd4 25. cxd4 Bxg2 26. f3 Bh3 27. g4 Kd7 28. Kf2 f5 29.
Kg3 fxg4 30. fxg4 Bf1 31. Kf3 c6 32. a4 b5 33. a5 Kd6 34. e4 Bh3 35. e5+ Ke7 36.
c3 Bf1 37. Bc2 Bc4 38. Bf5 Bd5+ 39. Ke3 Bc4 40. Be4 Bd5 41. Bxd5 cxd5 42. Kd3 Ke6 43. Kc2 Kd7 44. Kb3 h5 45. gxh5 Ke7 46. h6 Kf7 47. h7 Kg7 48. e6 1-0

[Event "Late-Titled-Tuesday-Blitz-February-13-2024"]
[Site "Chess.com"]
[Date "2024.02.13"]
[Round "8"]
[White "egnfanclub"]
[Black "ajeale2"]
[Result "1-0"]
[WhiteElo "2360"]
[BlackElo "2502"]
[TimeControl "180+1"]
[EndTime "15:28:25 PST"]
[Termination "egnfanclub won on time"]

1. e4 g6 2. Nc3 Bg7 3. f4 c6 4. Nf3 d5 5. d4 dxe4 6. Nxe4 Nf6 7. Nxf6+ Bxf6 8. c3 O-O 9. Bc4 a5 10. a4 Nd7 11. O-O Nb6 12. Bd3 Bg4 13. h3 Bxf3 14.
Qxf3 e6 15. Qg4 c5 16. f5 exf5 17. Bxf5 cxd4 18. Bh6 Re8 19. Be4 dxc3 20. Bxb7 cxb2 21.
Rad1 b1=Q 22. Rxb1 Qd4+ 23. Kh1 Rab8 24. Qf3 Re6 25.
Bd5 Rd6 26. Bf4 Be5 27. Bxe5 Qxe5 28. Qxf7+ Kh8 29. Bf3 Rf6 30. Qa7 Qe8 31. Rfe1 Qd8 32. Re7 Qg8 33. Rc1 Rxf3 34. gxf3 Qf8 35. Rxh7+ Kg8 36.
Kg2 Nd5 37. Rd7 Rb2+ 38. Kg1 Ne3 39. Qxe3 1-0

[Event "Late-Titled-Tuesday-Blitz-February-13-2024"]
[Site "Chess.com"]
[Date "2024.02.13"]
[Round "8"]
[White "jinxy2009"]
[Black "Nick12772"]
[Result "0-1"]
[WhiteElo "2231"]
[BlackElo "2351"]
[TimeControl "180+1"]
[EndTime "15:28:25 PST"]
[Termination "Nick12772 won on time"]

1. e4 e6 2. d4 d5 3. e5 c5 4. c3 Bd7 5. Nf3 Qb6 6. Bd3 Bb5 7.
Bxb5+ Qxb5 8. Na3 Qd7 9. O-O cxd4 10. Nxd4 Bxa3 11. bxa3 Ne7 12. f4 Nbc6 13. f5 Nxd4 14. Qxd4 Nxf5 15. Qb4 Qe7 16. g4 Qxb4 17. axb4 Ne7 18.
Be3 Ng6 19. Bd4 O-O 20. Rf2 a6 21. a4 Rac8 22. Raf1 Rc7 23. a5 Rfc8 24. Kg2 Rd7 25. Kg3 Rc4 26. h4 Nf8 27. h5 h6 28. g5 hxg5 29. Kg4 Nh7 30. Kg3 Rdc7 31. Kh3 Rd7 32. Kg3 Rc8 33. Kg4 Rf8 34. Bc5 Re8 35. Bd4 Rb8 36. Kg3 Rc7 37. Bc5 Rbc8 38. Kg4 f5+ 39. exf6 gxf6 40. h6 Kf7 41. Kh5 Rg8 42. Bd4 Rg6 43.
Rf3 Re7 44. Bc5 Re8 45. Bd4 e5 46. Bc5 g4 47. Rf5 g3 48. Kh4 g2 49. Rg1 e4 50.
Kh3 Ng5+ 0-1

[Event "Late-Titled-Tuesday-Blitz-February-13-2024"]
[Site "Chess.com"]
[Date "2024.02.13"]
[Round "8"]
[White "Cosi43"]
[Black "claudyna16"]
[Result "0-1"]
[WhiteElo "2585"]
[BlackElo "2447"]
[TimeControl "180+1"]
[EndTime "15:28:26 PST"]
[Termination "claudyna16 won by resignation"]

1. d4 Nf6 2. Nf3 g6 3. c4 Bg7 4. Nc3 O-O 5. Bg5 d6 6. e3 b6 7. Qc2 Bb7 8. Rd1 Nbd7 9. Be2 h6 10. Bh4 g5 11. Bg3 e6 12. d5 e5 13. Nd2 a5 14.
h4 g4 15. h5 Nc5 16. Rh4 Qd7 17. f3 Rae8 18. fxg4 e4 19. Bf4 Bc8 20. Nb5 Nh7 21.
Nd4 Bxd4 22. exd4 Nd3+ 23. Kf1 Nxf4 24. Nxe4 Nxe2 25. Qxe2 f5 26. gxf5 Qxf5+ 27. Kg1 Ng5 28. Re1 Bd7 29. Kh2 Nxe4 30. Rxe4 Rxe4 31. Qxe4 Qxe4 32.
Rxe4 Rf7 33. Kg3 Kf8 34. a3 Re7 35. Rf4+ Kg7 36. b4 Re3+ 37. Rf3 Rxf3+ 38. Kxf3 axb4 39.
axb4 Kf6 40. Kf4 Ba4 41. c5 Bb3 42. Ke4 Bd1 43. cxb6 cxb6 0-1